 Dungeon Crawl Stone Soup version 0.31.0-12-g77e489cdc1 (webtiles) character file.

Game seed: 14790616226273231376

39 Silvore the Covered (level 3, -3/29 HPs)
             Began as a Demonspawn Fighter on Feb 13, 2024.
             Killed by divine providence
             ... invoked by an orc priest
              (15 damage)
             ... on level 3 of the Dungeon.
             The game lasted 00:02:06 (1529 turns).

Silvore the Covered (Demonspawn Fighter)            Turns: 1529, Time: 00:02:07

Health: -3/29      AC: 14    Str: 18    XL:     3   Next: 26%
Magic:  3/3        EV:  5    Int:  8    God:
Gold:   99         SH:  7    Dex:  8    Spells: 2/2 levels left

rFire   . . .        a - +0 long sword
rCold   . . .        g - +0 kite shield
rNeg    + . .        f - +3 storm dragon scales of the Maze {rElec rN+ Will++ Dex-4}
rPois   .            (no helmet)
rElec   +            (no cloak)
rCorr   .            (no gloves)
SInv    .            (no boots)
Will    ++...        (no amulet) Stlth
                     (no ring)
HPRegen 0.24/turn    (no ring)
MPRegen 0.16/turn

%: no passive effects
@: no status effects
A: magic regeneration
a: no special abilities


You were on level 3 of the Dungeon.
You visited 1 branch of the dungeon, and saw 3 of its levels.

You collected 99 gold pieces.

Inventory:

Hand Weapons
 a - a +0 long sword (weapon)
Armour
 b - a +0 scale mail
 c - a +0 buckler
 f - the +3 storm dragon scales of the Maze (worn) {rElec rN+ Will++ Dex-4}
   (You acquired it on level 2 of the Dungeon)

   Dex-4:     It affects your dexterity (-4).
   rElec:     It insulates you from electricity.
   rN+:       It protects you from negative energy.
   Will++:    It greatly increases your willpower.
 g - a +0 kite shield (worn)
 i - a +0 chain mail
 k - a +0 plate armour
Scrolls
 e - 4 scrolls of identify
Potions
 d - 2 potions of might
 h - a potion of lignification


   Skills:
 + Level 3.0 Fighting
 + Level 2.3 Long Blades
 + Level 3.3 Armour
 + Level 0.3 Dodging
 + Level 2.9 Shields


You had 2 spell levels left.
You didn't know any spells.
Your spell library was empty.

Dungeon Overview and Level Annotations

Branches:
Dungeon (3/15)

Altars:


Innate Abilities, Weirdness & Mutations

You regenerate magic rapidly.


Message History

The orc throws a boomerang.
You block the boomerang.
Things that are here:
a +0 dagger; a kobold corpse You block the bat's attack.
The bat closely misses you. The bat hits you but does no damage.
There is a stone staircase leading up here.
The orc completely misses you. The bat hits you but does no damage.
You climb upwards.
There is a stone staircase leading down here.
You hit the orc but do no damage. You block the orc's attack.
You hit the orc.
The orc is lightly wounded.
The orc barely misses you.
You slash the orc!
You kill the orc!
Things that are here:
a +2 heavy mace; a boomerang; a +0 leather armour
There is a stone staircase leading down here.
You don't know any spells.
There is a stone staircase leading down here.
You don't know any spells.
You don't know any spells.
You climb downwards.
You block the bat's attack. The orc hits you but does no damage.
An orc priest comes into view. It is wielding a +0 club.
There is a stone staircase leading up here.
The orc priest shouts!
You hit the orc.
The orc is severely wounded.
The bat hits you.
The orc priest calls down the wrath of Beogh upon you.
Beogh smites you!
Ouch! That really hurt!
You block the orc's attack. The bat hits you but does no damage.
The orc hits you but does no damage.
The orc priest invokes the aid of Beogh against you.
Beogh smites you!
Ouch! That really hurt!
You die...

..# ..# ...
###.# ...#
#..# .
#..#######..
#.@o........
#.bo........
#........o..
#...).......
#...........
#...........
#.?.........
#.########.#
#. .


You could see an orc priest, 2 orcs and a bat.

Vanquished Creatures
  A dart slug (D:2)
  An orc (D:2)
  5 endoplasms
  A giant cockroach (D:1)
  4 hobgoblins
  5 kobolds
  A quokka (D:2)
  6 bats
  4 frilled lizards
  3 goblins (D:1)
  A rat (D:1)
32 creatures vanquished.

Notes
Turn   | Place    | Note
-------+----------+-------------------------------------------
     0 | D:1      | Silvore the Demonspawn Fighter began the quest for the Orb.
     0 | D:1      | Reached XP level 1. HP: 18/18 MP: 1/1
   241 | D:1      | Gained mutation: You regenerate magic rapidly. [demonic
                  | ancestry]
   241 | D:1      | Reached XP level 2. HP: 24/24 MP: 2/2
   931 | D:2      | Identified a scroll of acquirement
   931 | D:2      | Acquired the +3 storm dragon scales of the Maze {rElec rN+
                  | Will++ Dex-4}
   996 | D:2      | Reached XP level 3. HP: 29/29 MP: 3/3
  1529 | D:3      | Killed from afar by an orc priest

Illustrated notes

Levels and vault maps discovered:
D:1:      roadster_arrival_rocket_large, layout_rooms, st_stairs_5,
          minmay_tromino_v7
D:2:      layout_loops_ring
D:3:      layout_basic, mainiacjoe_overflow_six_doors_small

Skill      XL: |  1 |
---------------+----+-----
Armour         | 3 |  3.3
Long Blades    | 2 |  2.3
Fighting       | |  3.0
Dodging        | |  0.3
Shields        | |  2.9

Action                     || total
---------------------------++-------
  Melee: Long sword        ||   107
    Use: Scroll            ||     4
 Armour: Scale mail        ||    45
         Chain mail        ||    34
         Storm dragon scal ||    27
  Dodge: Dodged            ||    47
  Block: Buckler           ||     8
         Kite shield       ||    34
